 Dungeon Crawl Stone Soup version 0.27.0-1-g7a08968 (webtiles) character file.

Game seed: 1672427817624473381

802 Illumine the Sneak (level 8, -4/62 HPs)
             Began as a Formicid Delver on Aug 11, 2021.
             Was a Follower of Okawaru.
             Splashed by an acid dragon's acid (13 damage)
             ... on level 6 of the Dungeon.
             The game lasted 00:09:21 (5375 turns).

Illumine the Sneak (Formicid Delver)                Turns: 5375, Time: 00:09:21

Health: -4/62      AC:  9    Str: 18    XL:     8   Next: 14%
Magic:  9/10       EV: 10    Int: 11    God:    Okawaru [*.....]
Gold:   239        SH:  5    Dex: 12    Spells: 7/7 levels left

rFire    + . .     SeeInvis +   n - +0 halberd
rCold    . . .     Faith    .   (no shield)
rNeg     . . .     Spirit   .   r - +0 chain mail
rPois    .         Reflect  +   (helmet unavailable)
rElec    .         Harm     .   (no cloak)
rCorr    .         Rampage  .   l - +1 pair of gloves
Will     .....                  (no boots)
Stlth    ++........             o - amulet of reflection
HPRegen  0.20/turn              w - ring of protection from fire
MPRegen  0.12/turn              (no ring)

@: heroic, corroded
A: permanent stasis, dig shafts and tunnels, antennae 3, four strong arms
a: Dig, Shaft Self, Renounce Religion, Heroism


You were on level 6 of the Dungeon.
You worshipped Okawaru.
Okawaru was aware of your devotion.
You visited 2 branches of the dungeon, and saw 7 of its levels.

You collected 239 gold pieces.

Inventory:

Hand Weapons
 a - a +0 spear
 h - a +0 hand crossbow
 n - a +0 halberd (weapon)
 v - the +3 mace "Veim" {freeze, Drain +Rage rElec Str+5}
   (You found it on level 4 of the Dungeon)

   It freezes those it strikes, dealing additional cold damage.
   It can also slow down cold-blooded creatures.
   Str:       It affects your strength (+5).
   rElec:     It insulates you from electricity.
   +Rage:     It lets you go berserk.
   Drain:     It drains your maximum health when unequipped.
Missiles
 i - 139 stones
 m - 46 poisoned darts (quivered)
 s - 5 bolts
Armour
 l - a +1 pair of gloves (worn)
 r - a +0 chain mail (worn)
Jewellery
 o - an amulet of reflection (around neck)
 q - a ring of magical power
 w - a ring of protection from fire (left hand)
 A - an amulet of guardian spirit
Wands
 f - a wand of digging (3)
 C - a wand of paralysis (11)
Scrolls
 c - a scroll of fog
 g - 2 scrolls of amnesia
 p - a scroll of fear
 t - a scroll of magic mapping
 y - a scroll of noise {unknown}
 B - 2 scrolls of enchant armour {unknown}
 D - 2 scrolls of immolation {unknown}
Potions
 d - a potion of degeneration {unknown}
 j - a potion of invisibility
 k - a potion of flight
 u - a potion of attraction {unknown}
 x - a potion of brilliance {unknown}
 z - 2 potions of lignification


   Skills:
 + Level 5.3(10.3) Fighting
 * Level 6.0(11.0) Polearms
 + Level 3.8(8.8) Armour
 - Level 2.0(7.0) Dodging
 - Level 6.1(11.1) Stealth
 + Level 3.2 Invocations


You had 7 spell levels left.
You didn't know any spells.
Your spell library contained the following spells:

 Spells                   Type           Power      Damage    Failure   Level
 Animate Skeleton         Necr           0%         N/A       97%         1
 Apportation              Tloc           0%         N/A       97%         1
 Corona                   Hex            0%         N/A       97%         1
 Summon Small Mammal      Summ           0%         N/A       97%         1


Dungeon Overview and Level Annotations

Branches:
Dungeon (6/15)             Temple (1/1) D:4

Altars:
Fedhas
Okawaru
Trog
Vehumet
Xom

Shops:
D:5 =

Annotations:
D:4 1 runed translucent door, Crazy Yiuf


Innate Abilities, Weirdness & Mutations

You cannot be hasted, slowed, berserked, paralysed or teleported.
You can dig through walls and to a lower floor.
You have a pair of large antennae on your head. (SInv)
Your four strong arms can wield two-handed weapons with a shield.


Message History

Okay, then.
Unknown command.
You hit the centaur zombie.
The centaur zombie is lightly damaged.
You block the centaur zombie's attack. The centaur zombie barely misses you.
You hit the centaur zombie but do no damage.
The centaur zombie is lightly damaged.
The centaur zombie closely misses you. x2
You hit the centaur zombie.
The centaur zombie is moderately damaged.
The centaur zombie completely misses you.
You block the centaur zombie's attack. The centaur zombie closely misses you.
The centaur zombie kicks you.
You hit the centaur zombie but do no damage.
The centaur zombie is moderately damaged.
You hit the iguana but do no damage. You closely miss the iguana.
The iguana bites you.
You slash the iguana!
The iguana is heavily wounded.
The iguana closely misses you.
You closely miss the iguana.
The iguana is heavily wounded.
The iguana bites you!
* * * LOW HITPOINT WARNING * * *
Unknown command.
You feel much better. The iguana closely misses you.
You puncture the iguana!
You kill the iguana!
Okawaru accepts your kill.
You closely miss the acid dragon.
The acid dragon is lightly wounded.
The acid dragon spits acid at you. The splash of acid hits you!
You are splashed with acid!
* * * LOW HITPOINT WARNING * * *
You hit the acid dragon.
The acid dragon is moderately wounded.
The acid dragon spits acid at you.
The splash of acid hits you but does no damage.
The acid corrodes you!
You are splashed with acid!
You die...

######## #......# ##### {
###......# #...# #
#........# #...# .#
#........# #...# ..#
##........###...##### ...##
................@Doo##.....#
##.......#########Z.........
#.).....# #.#..[.....
##.......# #..........
##.......# #..........
........... ....o......
###.......# .....o......
#########.# .............
.......# .............. ..


You could see an acid dragon (catching breath), 2 orc wizards and a centaur
zombie.

Vanquished Creatures
  An ice beast (D:6)
  A phantom (D:6)
  A kobold brigand (D:5)
  2 water moccasin skeletons
  A centaur zombie (D:5)
  2 jellies
  2 hounds
  A centaur skeleton (D:4)
  3 iguanas
  An orc wizard (D:4)
  3 gnolls
  3 adders
  A shadow imp (D:6)
  A white imp (D:5)
  2 ufetubi
  An adder skeleton (D:4)
  2 worms (D:4)
  3 dart slugs (D:3)
  12 orcs
  7 ball pythons
  6 endoplasms
  4 giant cockroaches
  3 goblins (D:1)
  5 hobgoblins
  5 jackals
  4 quokkas
  3 bats
  4 frilled lizards
  A jackal skeleton (D:4)
  11 kobolds
  3 rats
99 creatures vanquished.

Vanquished Creatures (others)
  A kobold (D:5)
1 creature vanquished.

Grand Total: 100 creatures vanquished

Notes
Turn   | Place    | Note
-------+----------+-------------------------------------------
     0 | D:5      | Illumine the Formicid Delver began the quest for the Orb.
     0 | D:5      | Reached XP level 1. HP: 18/18 MP: 1/1
     9 | D:5      | Noticed a jelly
   196 | D:4      | Reached XP level 2. HP: 18/24 MP: 2/2
   593 | D:2      | Found a faded altar of an unknown god.
   597 | D:2      | Noticed a scorpion
   665 | D:1      | Reached XP level 3. HP: 20/29 MP: 3/3
  1452 | D:1      | Reached skill level 1 in Armour
  1452 | D:1      | Reached XP level 4. HP: 33/37 MP: 4/4
  1929 | D:3      | Reached XP level 5. HP: 40/42 MP: 5/5
  2491 | D:4      | Found a shimmering altar of Xom.
  2969 | D:4      | Found a staircase to the Ecumenical Temple.
  2982 | Temple   | Entered the Ecumenical Temple
  2996 | Temple   | Became a worshipper of Warmaster Okawaru
  3032 | D:4      | Reached XP level 6. HP: 45/49 MP: 6/6
  3160 | D:4      | Identified the +3 mace "Veim" {freeze, Drain +Rage rElec
                  | Str+5}
  3163 | D:4      | Found a runed translucent door.
  3164 | D:4      | Noticed Crazy Yiuf
  3697 | D:5      | Reached skill level 1 in Invocations
  4156 | D:5      | Reached skill level 5 in Polearms
  4156 | D:5      | Reached XP level 7. HP: 44/55 MP: 8/8
  4548 | D:5      | Reached skill level 5 in Fighting
  4874 | D:5      | Found Hufif's Jewellery Boutique.
  5050 | D:6      | Reached * piety under Okawaru
  5080 | D:6      | Reached XP level 8. HP: 47/62 MP: 10/10
  5375 | D:6      | Splashed by an acid dragon's acid

Illustrated notes

Levels and vault maps discovered:
D:1:      amcnicky_arrival_flooded_fountain, layout_basic,
          hangedman_abyss_or_decor_stabs
D:2:      layout_basic, shapermc_ecumenical_altar_pompeii, grunt_ministairs_1
D:3:      layout_rooms
D:4:      wander_river, layout_basic, lemuel_coloured_pillars_altar,
          minmay_temple_entry_antechambers, chequers_serial_rivers_small_3,
          minivault_27, lemuel_old_faithful, uniq_crazy_yiuf_cottage
D:5:      layout_cave_pools, serial_shops, kennysheep_mini, solitary_fountain
D:6:      layout_basic, mainiacjoe_overflow_alcove_1,
          nicolae_qazlal_style_of_elements, grunt_dithmenos_shadows
Temple:   regret_index_temple_waves

Skill      XL: |  1  2  3  4  5  6  7  8 |
---------------+-------------------------+-----
Dodging        | 2 |  2.0
Polearms       | 3 4 5 6 |  6.0
Armour         | 1 2 3 |  3.8
Fighting       | 4 5 |  5.3
Invocations    | 1 2 3 |  3.2
Stealth        | |  6.1

Action                   |  1- 3 |  4- 6 |  7- 9 || total
-------------------------+-------+-------+-------++-------
Melee: Spear             |   116 |    63 |       ||   179
       Halberd           |       |   156 |    93 ||   249
Invok: Heroism           |       |       |     1 ||     1
  Use: Scroll            |     2 |     4 |     2 ||     8
       Potion            |       |       |     1 ||     1
 Stab: Sleeping          |     6 |     1 |       ||     7
Armor: Leather armour    |    12 |       |       ||    12
       Scale mail        |    28 |    43 |       ||    71
       Chain mail        |       |    83 |    47 ||   130
Dodge: Dodged            |    45 |   111 |    44 ||   200
Block: Other             |       |    40 |    22 ||    62
       Reflection        |       |     2 |       ||     2
